 Dungeon Crawl Stone Soup version 0.27-a0-1202-ge72e49191c (console) character file.

Game seed: 8420890079992958241

7163 jejorda2 the Carver (level 11, -6/81 HPs)
             Began as a Merfolk Berserker on June 2, 2021.
             Was an Elder of Trog.
             Mangled by a wraith (13 damage)
             ... on level 9 of the Dungeon.
             The game lasted 00:20:39 (10233 turns).

jejorda2 the Carver (Merfolk Berserker)            Turns: 10233, Time: 00:20:40

Health: -6/81      AC:  2    Str: 20    XL:     11   Next: 11%
Magic:  11/11      EV: 16    Int:  6    God:    Trog [****..]
Gold:   448        SH:  0    Dex: 15    Spells: 10/10 levels left

rFire    . . .     SeeInvis .   a - +2 dagger (elec)
rCold    . . .     Faith    .   (no shield)
rNeg     . . .     Spirit   .   i - +1 scale mail {Will+}
rPois    .         Reflect  .   (no helmet)
rElec    .         Harm     .   c - +2 cloak
rCorr    +         Rampage  .   j - +0 pair of gloves
Will     +....                  e - +0 pair of boots
Stlth    ..........             (no amulet)
HPRegen  0.23/turn              m - +4 ring of evasion
MPRegen  0.12/turn              q - ring of resist corrosion

@: corroded, slowed, very slow
A: (nimble swimmer 2), mertail
a: Renounce Religion, Berserk, Trog's Hand, Brothers in Arms


You were on level 9 of the Dungeon.
You worshipped Trog.
Trog was greatly pleased with you.
You visited 1 branch of the dungeon, and saw 9 of its levels.
You also visited: Sewer.

You collected 448 gold pieces.

Inventory:

Hand Weapons
 a - a +2 dagger of electrocution (weapon)
 b - a +1 vorpal long sword
Missiles
 k - 2 javelins
 r - 20 boomerangs
 x - 4 poisoned darts (quivered)
Armour
 c - a +2 cloak (worn)
 e - a +0 pair of boots (worn)
 i - a +1 scale mail of willpower (worn)
 j - a +0 pair of gloves (worn)
Jewellery
 m - a +4 ring of evasion (left hand)
 p - a ring of poison resistance
 q - a ring of resist corrosion (right hand)
Wands
 f - a wand of digging (4)
 l - a wand of paralysis (8)
 w - a wand of flame (12)
Scrolls
 s - a scroll of silence
 t - a scroll of teleportation
 u - a scroll of magic mapping
Potions
 d - a potion of resistance
 g - a potion of heal wounds
 h - a potion of berserk rage
 o - a potion of ambrosia
 v - 2 potions of attraction
 z - 3 potions of curing
 A - 3 potions of flight
 B - 2 potions of lignification


   Skills:
 - Level 6.0 Fighting
 - Level 6.6(11.4) Short Blades
 + Level 13.1(13.6) Long Blades
 - Level 6.0 Armour
 + Level 5.3 Dodging
 + Level 3.2 Evocations


You had 10 spell levels left.
You didn't know any spells.
Your spell library was empty.

Dungeon Overview and Level Annotations

Branches:
Dungeon (9/15)             Temple (0/1) D:6            Lair (0/6) D:9
  Sewer (visited)
    Orc: D:9-12

Altars:
Ashenzari
Gozag
Hepliaklqana
Kikubaaqudgha
Qazlal
Sif Muna
Trog
Vehumet
Wu Jian
Xom
Yredelemnul
Zin
The Shining One


Innate Abilities, Weirdness & Mutations

((You are quick and stealthy near water. (Stealth+, EV+, Speed+++)))
Your lower body shifts to a powerful aquatic tail in water.


Message History

Unknown command.
As you read the scroll of fear, it crumbles to dust.
You assume a fearsome visage.
The yak looks frightened!
The wraith is unaffected.
The acid dragon easily resists.
The wraith barely misses you. The acid dragon spits acid at you.
The splash of acid hits you. You resist.
* * * LOW HITPOINT WARNING * * *
The acid corrodes you!
You are splashed with acid.
You resist.
* * * LOW HITPOINT WARNING * * *
Unknown command.
You feel much better.
You recover from your berserk rage.
The wraith completely misses you. The acid dragon misses you.
The acid dragon claws you.
* * * LOW HITPOINT WARNING * * *
The wraith closely misses you. The acid dragon bites you!
* * * LOW HITPOINT WARNING * * *
The acid dragon closely misses you.
You feel much better. The wraith barely misses you. The acid dragon bites you!
The acid dragon claws you.
Unknown command.
Your ogre goes berserk!
Trog will no longer gift you weapons. The wraith barely misses you.
The acid dragon bites you!
* * * LOW HITPOINT WARNING * * *
The acid dragon barely misses you. The wraith hits you!
* * * LOW HITPOINT WARNING * * *
The acid dragon completely misses you. The acid dragon barely misses you.
You barely miss the acid dragon.
The acid dragon is almost dead.
Your ogre closely misses the wraith.
The acid dragon barely misses you. The acid dragon misses you.
The wraith closely misses you.
You closely miss the acid dragon.
The acid dragon is almost dead.
Your ogre closely misses the wraith.
You closely miss the acid dragon.
The acid dragon is almost dead.
The wraith hits you!
You die...

#................#
#............)....
#.................
#.................
#.................
##................
##(....D.........
##D###.##....... #### #@#
#.....Y... ...# ##W###..#......
... ...# ### #.O##.....##.###...
...# #.## #.#................
...# ##..### #.#.##.............
.(.####.....###...##.............
.####...........................>
..).........###..###.............
..####......###..# ##............


You could see a wraith (ally target), an acid dragon and a friendly ogre
(summoned, berserk).

Vanquished Creatures
  Maurice (D:8)
  A gargoyle (D:6)
  Psyche (D:8)
  A troll (D:7)
  A hornet (D:9)
  Prince Ribbit (D:6)
  7 yaks
  A wraith (D:9)
  2 wyverns (D:9)
  A steam dragon (D:6)
  4 water moccasins
  Duvessa (D:6)
  An orc warrior (D:8)
  A hornet zombie (D:8)
  A black bear (D:7)
  2 ogres
  5 centaurs
  A phantom (D:6)
  2 bullfrogs (D:7)
  A kobold brigand (Sewer)
  2 wyvern zombies
  A gnoll sergeant (D:8)
  2 scorpions
  Dowan (D:6)
  12 killer bees
  3 wights (D:7)
  6 howler monkeys
  A centaur zombie (D:8)
  6 orc priests
  7 hounds
  A gnoll shaman (D:4)
  A jelly (D:5)
  A bullfrog skeleton (D:5)
  3 iguanas
  12 orc wizards
  Natasha (twice) (D:2)
  A howler monkey zombie (D:9)
  15 gnolls
  3 adders
  4 river rats
  A shadow imp (D:6)
  4 dart slugs
  19 orcs
  8 endoplasms
  6 giant cockroaches
  9 hobgoblins
  9 jackals
  8 kobolds
  3 quokkas
  10 ball pythons
  4 bats
  5 frilled lizards
  13 goblins
  A jackal skeleton (D:4)
  15 rats
235 creatures vanquished.

Notes
Turn   | Place    | Note
-------+----------+-------------------------------------------
     0 | D:1      | jejorda2 the Merfolk Berserker began the quest for the Orb.
     0 | D:1      | Reached XP level 1. HP: 18/18 MP: 1/1
   312 | D:1      | Reached XP level 2. HP: 24/24 MP: 2/2
   833 | D:1      | Reached skill level 4 in Long Blades
   833 | D:1      | Reached XP level 3. HP: 29/29 MP: 3/3
  1403 | D:2      | Reached ** piety under Trog
  1897 | D:2      | Reached XP level 4. HP: 37/37 MP: 4/4
  2299 | D:2      | Noticed Natasha
  2304 | D:2      | Killed Natasha
  2541 | D:2      | Noticed Natasha
  2550 | D:2      | Killed Natasha
  2551 | D:2      | Reached skill level 5 in Long Blades
  2551 | D:2      | Reached XP level 5. HP: 33/42 MP: 5/5
  2935 | D:3      | Reached *** piety under Trog
  3023 | D:3      | Noticed an ogre
  3030 | D:3      | Killed an ogre
  3031 | D:3      | Reached XP level 6. HP: 49/49 MP: 6/6
  3215 | D:3      | Found an opulent altar of Gozag.
  3287 | D:4      | Reached skill level 6 in Long Blades
  3389 | D:4      | Found a glowing drain.
  3400 | Sewer    | Entered a sewer
  3551 | Sewer    | Reached skill level 1 in Short Blades
  3551 | Sewer    | Reached XP level 7. HP: 30/55 MP: 7/7
  3703 | Sewer    | Found a glowing silver altar of Zin.
  3842 | D:4      | Identified the Catalogue of Companions and Execration
  4190 | D:4      | Reached skill level 5 in Fighting
  4632 | D:5      | Entered Level 5 of the Dungeon
  4645 | D:5      | Reached **** piety under Trog
  4890 | D:5      | Reached skill level 7 in Long Blades
  5194 | D:5      | Found a radiant altar of Vehumet.
  5370 | D:5      | Found an ancient bone altar of Kikubaaqudgha.
  5389 | D:5      | Reached XP level 8. HP: 54/63 MP: 8/8
  5412 | D:5      | Found a shimmering blue altar of Sif Muna.
  5959 | D:5      | Reached skill level 8 in Long Blades
  6071 | D:6      | Found a staircase to the Ecumenical Temple.
  6180 | D:6      | Noticed a gargoyle
  6198 | D:6      | Killed a gargoyle
  6199 | D:6      | Reached skill level 9 in Long Blades
  6199 | D:6      | Reached XP level 9. HP: 69/69 MP: 9/9
  6327 | D:6      | Reached skill level 5 in Short Blades
  6562 | D:6      | Noticed Duvessa
  6586 | D:6      | Killed Duvessa
  6593 | D:6      | Noticed Dowan
  6599 | D:6      | Killed Dowan
  6787 | D:6      | Noticed Prince Ribbit
  6809 | D:6      | Killed Prince Ribbit
  7119 | D:6      | Found an ornate altar of the Wu Jian Council.
  7122 | D:6      | Found a bloodstained altar of Trog.
  7127 | D:6      | Found a shimmering altar of Xom.
  7127 | D:6      | Found a glowing golden altar of the Shining One.
  7129 | D:6      | Found a stormy altar of Qazlal.
  7131 | D:6      | Found a hazy altar of Hepliaklqana.
  7133 | D:6      | Found a basalt altar of Yredelemnul.
  7152 | D:6      | Found a broken altar of Ashenzari.
  7154 | D:6      | Found a glowing silver altar of Zin.
  7262 | D:6      | Reached skill level 10 in Long Blades
  7730 | D:7      | Reached skill level 5 in Armour
  8087 | D:7      | Noticed a troll
  8096 | D:7      | Killed a troll
  8112 | D:7      | Reached XP level 10. HP: 76/76 MP: 10/10
  8188 | D:7      | Reached skill level 11 in Long Blades
  8426 | D:8      | Noticed Psyche
  8539 | D:8      | Killed Psyche
  8679 | D:8      | Reached skill level 12 in Long Blades
  8887 | D:8      | Identified the +10 hand axe of Impermanence {pain, Str-2
                  | Dex+7 Stlth+}
  8964 | D:8      | Reached ***** piety under Trog
  9111 | D:8      | Noticed Maurice
  9637 | D:8      | Killed Maurice
  9729 | D:9      | Found a staircase to the Lair.
  9755 | D:9      | Reached skill level 1 in Evocations
 10173 | D:9      | Reached skill level 13 in Long Blades
 10176 | D:9      | Reached XP level 11. HP: 81/81 MP: 11/11
 10189 | D:9      | Reached skill level 5 in Dodging
 10227 | D:9      | HP: 3/81 [acid (6)]
 10233 | D:9      | Mangled by a wraith

Illustrated notes

Levels and vault maps discovered:
D:1:      lightli_arrival_chessboard, layout_loops_corners, st_stairs_3
D:2:      layout_basic, minmay_fractal_squares_5, uniq_natasha
D:3:      layout_rooms, general_overflow_altar, minmay_misc_feat_roman
D:4:      kennysheep_spiral_hall, layout_basic, gup_sewer_entry_bubbles
D:5:      layout_gridville, palyth_temple_overflow_mages
D:6:      layout_loops_corners, minitemple,
          chequers_temple_overflow_statue_of_worship, minmay_temple_entry_hall,
          uniq_prince_ribbit1, uniq_duvessa
D:7:      layout_basic
D:8:      layout_basic, uniq_maurice, uniq_psyche
D:9:      layout_rooms, lair_entry_dummy

Skill      XL: |  1  2  3  4  5  6  7  8  9 10 11 |
---------------+----------------------------------+-----
Long Blades    | 4 5 6 7 9 10 13 | 13.1
Armour         | 2 3 4 5 6 |  6.0
Fighting       | 4 5 6 |  6.0
Short Blades   | 1 2 4 6 |  6.6
Dodging        | 4 5 |  5.3
Evocations     | 2 3 |  3.2

Action                   |  1- 3 |  4- 6 |  7- 9 | 10-12 || total
-------------------------+-------+-------+-------+-------++-------
Melee: Falchion          |   114 |    76 |       |       ||   190
       Dagger            |       |    55 |   362 |   347 ||   764
       Long sword        |       |    14 |     2 |       ||    16
       Tailslap          |       |     1 |       |       ||     1
Throw: Boomerang         |       |     3 |       |       ||     3
       Dart              |       |       |     2 |     1 ||     3
Invok: Berserk           |     1 |     2 |     6 |     6 ||    15
       Trog's Hand       |       |     1 |     2 |     3 ||     6
       Brothers in Arms  |       |       |       |     1 ||     1
  Use: Scroll            |       |     2 |    16 |     4 ||    22
       Potion            |       |       |       |     4 ||     4
Armor: Animal skin       |     5 |       |       |       ||     5
       Leather armour    |    21 |    19 |    13 |       ||    53
       Ring mail         |       |       |    22 |       ||    22
       Chain mail        |       |       |    51 |       ||    51
       Scale mail        |       |       |     8 |   100 ||   108
Dodge: Dodged            |    68 |   126 |   182 |   247 ||   623
       Rpst.: Falchion   |    24 |    23 |       |       ||    47
       Long sword        |       |     2 |       |       ||     2

Table legend: (Time is in decaauts)
 A = Elapsed time spent in this place.
 B = Non-inter-level travel time spent in this place.
 C = Inter-level travel time spent in this place.
 D = Time resting spent in this place.
 E = Time spent auto-exploring this place.
 F = Levels seen in this place.
 G = Mean time per level.
                   A        B        C        D        E       F      G
               +--------+--------+--------+--------+--------+-----+--------+
         Total |  10045 |   9556 |    489 |    273 |   7666 |  10 | 1004.5 |
       Dungeon |   9707 |   9218 |    489 |    254 |   7435 |   9 | 1078.6 |
         Sewer |    337 |    337 |      0 |     19 |    230 |   1 |  337.0 |
               +--------+--------+--------+--------+--------+-----+--------+

Top non-repeatable levels by time:
     D:6: 1529 daAuts
     D:1: 1404 daAuts
     D:2: 1400 daAuts
     D:8: 1228 daAuts
     D:5: 1211 daAuts
     D:4: 1146 daAuts
     D:7: 773 daAuts
     D:3: 519 daAuts
     D:9: 495 daAuts
   Sewer: 337 daAuts
